 Dungeon Crawl Stone Soup version 0.31-a0-977-gc230f8ef24 (webtiles) character file.

Game seed: 16909258216850531477

1105 AIAndy the Ruffian (level 8, -1/48 HPs)
             Began as an Octopode Shapeshifter on Oct 29, 2023.
             Was a Follower of Ashenzari.
             Slain by Blork the orc
             ... wielding a +1 glaive of protection
              (13 damage)
             ... on level 5 of the Dungeon.
             The game lasted 00:13:33 (3757 turns).

AIAndy the Ruffian (Octopode Shapeshifter)          Turns: 3757, Time: 00:13:33

Health: -1/48      AC:  1    Str: 15    XL:     8   Next: 32%
Magic:  8/8        EV: 13    Int: 12    God:    Ashenzari [*.....]
Gold:   192        SH:  0    Dex: 12    Spells: 5/7 levels left

rFire   + .          .
                       - Unarmed
rCold   . . .        (no shield)
rNeg    . . .        (helmet currently unavailable)
rPois   .            (no amulet)
rElec   +            k - ring "Sun of the Lashed Augur" {Fly rElec rF+, Alch, Melee} (curse)
rCorr   .            v - ring of the Enigmatic Regret {SInv, Melee, Comp} (curse)
SInv    +            (no ring)
Will    .....        (no ring)
Stlth   ++           (no ring)
HPRegen 0.28/turn    (no ring)
MPRegen 0.11/turn    (no ring)
                     (no ring)

%: no passive effects
@: beast-form, flying
A: beast (slay +3), almost no armour, amphibious, 8 rings, camouflage 1,
gelatinous body 1, (nimble swimmer 1), tentacles
a: Begin Untransformation, Renounce Religion, Curse Item, Shatter the Chains


You were on level 5 of the Dungeon.
You worshipped Ashenzari.
Ashenzari was aware of your devotion.
You were a hulking beast.
You visited 1 branch of the dungeon, and saw 5 of its levels.

You collected 192 gold pieces.


Innate Abilities, Weirdness & Mutations

You are a hulking beast.
Your limbs bulge with bestial killing power. (Slay +3)
You cannot wear most types of armour.
You are amphibious.
You can wear up to eight rings at the same time.
Your skin changes colour to match your surroundings (Stealth+).
Your rubbery body absorbs attacks. (AC +1, EV +1)
((You are camouflaged when in or above water. (Stealth+)))
You have tentacles for arms and can constrict up to eight enemies at once.


   Skills:
 - Level 1.0 Fighting
 - Level 2.0 Dodging
 + Level 7.3(8.5) Unarmed Combat
 - Level 1.5(2.1) Transmutations
 + Level 6.7 Shapeshifting


You had 5 spell levels left.
You knew the following spells:

 Your Spells              Type           Power      Damage    Failure   Level
X - Wereblood             Tmut           5%         N/A       22%         2

Your spell library contained the following spells:

 Spells                   Type           Power      Damage    Failure   Level
 Poisonous Vapours        Pois/Air       0%         N/A       45%         2
 Sublimation of Blood     Necr           0%         N/A       45%         2
 Mephitic Cloud           Conj/Pois/Air  0%         N/A       69%         3
 Freezing Cloud           Conj/Ice/Air   0%         6-21      100%        5
 Summon Hydra             Summ           0%         N/A       100%        7

Inventory:

Jewellery
 k - the cursed ring "Sun of the Lashed Augur" (left tentacle) {Fly rElec rF+, Alch, Melee}
   (You found it on level 2 of the Dungeon)

   [ring of protection from fire]

   rF+:       It protects you from fire.
   rElec:     It insulates you from electricity.
   Fly:       It grants you flight.
   It has a curse which improves the following skills: Alchemy: Poison Magic and
   Transmutations.
   Melee Combat: Short Blades, Long Blades, Axes, Maces & Flails, Polearms,
   Staves and Unarmed Combat.
 v - the cursed ring of the Enigmatic Regret (right tentacle) {SInv, Melee, Comp}
   (You found it on level 3 of the Dungeon)

   [ring of see invisible]

   SInv:      It lets you see invisible.
   It has a curse which improves the following skills: Melee Combat: Short
   Blades, Long Blades, Axes, Maces & Flails, Polearms, Staves and Unarmed
   Combat.
   Companions: Summonings and Necromancy.
Talismans
 b - a beast talisman
 c - a flux talisman
Wands
 j - a wand of flame (44)
 n - a wand of polymorph (10)
Scrolls
 d - 7 scrolls of identify {@r1}
 e - a scroll of revelation
 f - a scroll of fog
 h - a scroll of immolation {!r}
 r - a scroll of teleportation {@r4}
 s - a scroll of enchant weapon
Potions
 a - a potion of lignification {!q}
 g - a potion of cancellation
 i - 2 potions of curing {@q1}
 l - a potion of heal wounds {@q2}
 m - a potion of brilliance
 o - a potion of haste {@q3}
 p - 2 potions of enlightenment
 q - a potion of mutation {!q}

Dungeon Overview and Level Annotations

Branches:
Dungeon (5/15)
 Temple: D:4-7

Altars:
Ashenzari
Makhleb
Okawaru
Zin

Shops:
D:4 *

Annotations:
D:2 1 runed translucent door, Crazy Yiuf
D:4 1 runed translucent door
D:5 Blork the orc

######.....# #.#
.........### #.#
######...# #†#
#...#####.#
#.........####
#...#..#.....#
.......##.....#.#
#.####...........#
#.........h.#
#...^.^.^.o..#
#.....:...?..#
...............#
.#......^.^^....#
#........^^....#
#..............#
....^.....##


You could see Blork the orc (fast).


Message History

Blork the orc is lightly wounded.
Aiming: Throw Flame
Press: ? - help, Shift-Dir - straight line, f/p - Blork the orc
Aim: Blork the orc, wielding a +1 glaive of protection and wearing a +0 robe (lightly wounded, fast, 72% to hit)
The puff of flame misses Blork the orc.
Aiming: Throw Flame
Press: ? - help, Shift-Dir - straight line, f/p - Blork the orc
Aim: Blork the orc, wielding a +1 glaive of protection and wearing a +0 robe (lightly wounded, fast, 72% to hit)
The puff of flame hits Blork the orc but does no damage.
Blork the orc is lightly wounded.
Blork the orc hits you with a +1 glaive of protection!
You tentacle-slap Blork the orc but do no damage.
You grab Blork the orc. You squeeze Blork the orc.
Blork the orc is moderately wounded.
You constrict Blork the orc, but do no damage.
Blork the orc hits you with a +1 glaive of protection!
You bludgeon Blork the orc!
Blork the orc is heavily wounded.
You constrict Blork the orc, but do no damage.
Blork the orc screams, "I'll rip your head off!"
Blork the orc casts a spell at you. The puff of frost hits you!
* * * LOW HITPOINT WARNING * * *
Blork the orc hits you with a +1 glaive of protection!
* * * LOW HITPOINT WARNING * * *
You tentacle-slap Blork the orc.
Blork the orc is heavily wounded.
You constrict Blork the orc, but do no damage.
Blork the orc hits you with a +1 glaive of protection!
You die...

Skill      XL: |  1  2  3  4  5  6  7  8 |
---------------+-------------------------+-----
Unarmed Combat | 4 5 6 7 |  7.3
Shapeshifting  | 4 5 6 |  6.7
Transmutations | 1 |  1.5
Fighting       | |  1.0
Dodging        | |  2.0

Action                     |  1- 3 |  4- 6 |  7- 9 || total
---------------------------+-------+-------+-------++-------
  Melee: Unarmed           |    95 |    75 |    84 ||   254
         Constrict         |    22 |    18 |    19 ||    59
         Tentacles         |    24 |    16 |    26 ||    66
         Punch             |     3 |     3 |     4 ||    10
 Invoke: Curse Item        |       |     1 |     1 ||     2
  Evoke: Wand              |       |       |     3 ||     3
   Stab: Sleeping          |     2 |     4 |     3 ||     9
 Armour: Skin              |    30 |    27 |    56 ||   113
  Dodge: Dodged            |    47 |    60 |    60 ||   167

Levels and vault maps discovered:
D:1:      heliophobic_arrival_henge, layout_basic
D:2:      layout_loops_ring, shapermc_ecumenical_altar_flowoftime, minivault_14,
          minmay_indecisive_spiral, uniq_robin, uniq_sigmund, uniq_natasha,
          uniq_crazy_yiuf_cottage
D:3:      layout_basic, grunt_temple_overflow_order_and_chaos_2,
          nicolae_ashenzari_skybound, chequers_mini_garden,
          columned_hall_lemuel, dk_vineyard_2, minivault_24,
          kennysheep_generic_room_4
D:4:      layout_gridville, nicolae_overflow_guarded_unrand_okawaru_victory,
          serial_shops, nicolae_shop_peninsula, uniq_eustachio, uniq_edmund
D:5:      layout_loops_ring, hex_tiny, minmay_holes, uniq_blork_the_orc

Notes
Turn   | Place    | Note
-------+----------+-------------------------------------------
     0 | D:1      | AIAndy the Octopode Shapeshifter began the quest for the
                  | Orb.
     0 | D:1      | Reached XP level 1. HP: 13/13 MP: 1/1
    76 | D:1      | Reached XP level 2. HP: 13/18 MP: 2/2
   586 | D:2      | Reached XP level 3. HP: 20/23 MP: 3/3
   589 | D:2      | Noticed Robin
   658 | D:2      | Found a faded altar of an unknown god.
   702 | D:2      | Prayed at the altar of an unknown god.
   702 | D:2      | Became a worshipper of Ashenzari the Shackled
   776 | D:2      | Noticed Sigmund
   804 | D:1      | Reached skill level 4 in Unarmed Combat
   804 | D:1      | Reached XP level 4. HP: 28/28 MP: 4/4
   919 | D:2      | Noticed Natasha
   925 | D:2      | Killed Natasha
   926 | D:2      | Reached skill level 4 in Shapeshifting
   988 | D:2      | Noticed Natasha
   994 | D:2      | Killed Natasha
   995 | D:2      | Reached XP level 5. HP: 31/33 MP: 5/5
  1005 | D:2      | Noticed Natasha
  1017 | D:2      | Killed Natasha
  1394 | D:2      | Killed Robin
  1478 | D:2      | Killed Sigmund
  1479 | D:2      | Reached skill level 5 in Unarmed Combat
  1479 | D:2      | Reached skill level 5 in Shapeshifting
  1479 | D:2      | Reached XP level 6. HP: 24/38 MP: 6/6
  1548 | D:2      | Found a runed translucent door.
  1549 | D:2      | Noticed Crazy Yiuf
  1589 | D:2      | Identified the ring "Qiretas" {Fly rElec rF+}
  1802 | D:3      | Identified +0 pearl dragon scales
  2040 | D:3      | Found a burning altar of Makhleb.
  2043 | D:3      | Found a glowing silver altar of Zin.
  2043 | D:3      | Noticed an angel
  2043 | D:3      | Noticed a balrug
  2136 | D:3      | Reached XP level 7. HP: 43/43 MP: 7/7
  2325 | D:3      | Found a broken altar of Ashenzari.
  2402 | D:4      | Reached * piety under Ashenzari
  2501 | D:4      | Reached skill level 6 in Unarmed Combat
  2507 | D:4      | Found an iron altar of Okawaru.
  2682 | D:4      | Learned a level 2 spell: Wereblood
  2728 | D:4      | Noticed Eustachio
  2745 | D:4      | Killed Eustachio
  2746 | D:4      | Reached skill level 1 in Transmutations
  2774 | D:4      | Reached skill level 6 in Shapeshifting
  2977 | D:4      | Found Minwer's Assorted Antiques.
  3074 | D:4      | Found a runed translucent door.
  3091 | D:4      | Found the +0 toga "Victory" {*Victory Clar}
  3212 | D:4      | Reached XP level 8. HP: 16/48 MP: 8/8
  3389 | D:4      | Noticed Edmund
  3400 | D:4      | Killed Edmund
  3401 | D:4      | Reached skill level 7 in Unarmed Combat
  3631 | D:5      | Entered Level 5 of the Dungeon
  3661 | D:5      | Noticed Blork the orc
  3757 | D:5      | Slain by Blork the orc

Vanquished Creatures
  Sigmund (D:2)
  Eustachio (D:4)
  Edmund (D:4)
  An ice beast (D:5)
  An ogre (D:3)
  An orc priest (D:4)
  A gnoll bouda (D:4)
  2 hounds
  4 iguanas
  Natasha (thrice) (D:2)
  Robin (D:2)
  5 gnolls
  6 adders
  3 dart slugs (D:3)
  6 orcs (D:4)
  6 endoplasms
  6 giant cockroaches
  10 goblins
  9 hobgoblins
  12 jackals
  8 kobolds
  2 quokkas
  6 ball pythons
  7 bats
  4 frilled lizards
  3 rats
110 creatures vanquished.

Table legend: (Time is in decaauts)
 A = Elapsed time spent in this place.
 B = Non-inter-level travel time spent in this place.
 C = Inter-level travel time spent in this place.
 D = Time resting spent in this place.
 E = Time spent auto-exploring this place.
 F = Levels seen in this place.
 G = Mean time per level.
                   A        B        C        D        E       F      G
               +--------+--------+--------+--------+--------+-----+--------+
         Total |   3732 |   3425 |    307 |    228 |   2423 |   5 |  746.4 |
       Dungeon |   3732 |   3425 |    307 |    228 |   2423 |   5 |  746.4 |
               +--------+--------+--------+--------+--------+-----+--------+

Top non-repeatable levels by time:
     D:4: 1223 daAuts
     D:2: 969 daAuts
     D:1: 810 daAuts
     D:3: 604 daAuts
     D:5: 124 daAuts

Table legend:
 A = Non-vault XP
 B = Vault XP
 C = Vault XP percentage of total XP
 D = Non-vault monster count
 E = Vault monster count
 F = Vault count percentage of total count
                 A         B        C        D         E       F
            +---------+---------+-------+---------+---------+-------
      Total |     919 |     660 |  41.8 |      93 |      17 |  15.5
            +---------+---------+-------+---------+---------+-------
        D:1 |      45 |       2 |   4.3 |      21 |       1 |   4.5
        D:2 |     132 |     298 |  69.3 |      24 |      13 |  35.1
        D:3 |     208 |       1 |   0.5 |      14 |       1 |   6.7
        D:4 |     347 |     359 |  50.8 |      31 |       2 |   6.1
        D:5 |     187 |       0 |   0.0 |       3 |       0 |   0.0
            +---------+---------+-------+---------+---------+-------
